2183 views
Uploaded 2023-08-07 19:00:27
Game version 1.36 (6115)
18:02 long 3on3 ladder game on (6)UpperKingdom
Saved by GIGA
2183 views
Uploaded 2023-08-07 19:00:27
Game version 1.36 (6115)
18:02 long 3on3 ladder game on (6)UpperKingdom


78 units @ 8.1k
/ 0.8k
109 buildings @ 18.8k
/ 6.9k

| Moonstone | 1 | 50 |
| Orb of Venom | 1 | 325 |
| Dust of Appearance | 1 | 75 |
| total: | 3 | 450g |
| Wisp | 11 | 660 | / | 0 |
| Chimaera | 3 | 990 | / | 210 |
| total: | 14 | 1650g | / | 210w |
| Altar of Elders | 2 | 360 | / | 100 |
| Moon Well | 37 | 6660 | / | 1480 |
| Ancient of Wonders | 1 | 90 | / | 30 |
| Hunter's Hall | 1 | 210 | / | 100 |
| Chimaera Roost | 3 | 420 | / | 570 |
| Tree of Ages | 1 | 320 | / | 180 |
| Tree of Eternity | 1 | 330 | / | 200 |
| total: | 44 | 7740g | / | 2280w |
| 0:03 | Altar of Elders |
| 0:07 | Moon Well |
| 0:08 | Wisp |
| 0:18 | Wisp |
| 0:35 | Wisp |
| 0:48 | Wisp |
| 0:51 | Wisp |
| 0:54 | Wisp |
| 1:07 | Wisp |
| 1:11 | Moon Well |
| 1:14 | Wisp |
| 1:29 | Ancient of Wonders |
| 1:31 | Wisp |
| 2:06 | Hunter's Hall |
| 2:08 | Wisp |
| 2:23 | Fan of Knives |
| 2:32 | Wisp |
| 2:41 | Moonstone |
| 3:23 | Moon Well |
| 3:26 | Moon Well |
| 3:28 | Moon Well |
| 3:54 | Tree of Ages |
| 4:18 | Moon Well |
| 4:20 | Moon Well |
| 4:36 | Moon Well |
| 5:06 | Moon Well |
| 5:07 | Moon Well |
| 5:24 | Moon Well |
| 5:43 | Moon Well |
| 5:44 | Moon Well |
| 6:09 | Moon Well |
| 6:10 | Moon Well |
| 6:45 | Tree of Eternity |
| 7:22 | Dust of Appearance |
| 7:44 | Moon Well |
| 7:45 | Moon Well |
| 7:46 | Moon Well |
| 7:56 | Ultravision |
| 8:44 | Moon Well |
| 8:44 | Moon Well |
| 8:46 | Moon Well |
| 9:23 | Well Spring |
| 9:28 | Orb of Venom |
| 9:47 | Moon Well |
| 9:48 | Moon Well |
| 10:53 | Blink |
| 11:32 | Nature's Blessing |
| 13:58 | Moon Well |
| 13:58 | Moon Well |
| 14:02 | Moon Well |
| 14:02 | Moon Well |
| 14:29 | Moon Well |
| 14:30 | Moon Well |
| 14:31 | Moon Well |
| 14:31 | Moon Well |
| 14:54 | Chimaera Roost |
| 14:59 | Moon Well |
| 14:59 | Moon Well |
| 15:01 | Moon Well |
| 15:32 | Chimaera Roost |
| 15:37 | Moon Well |
| 15:37 | Moon Well |
| 15:58 | Moon Well |
| 16:18 | Chimaera |
| 16:23 | Chimaera Roost |
| 17:10 | Chimaera |
| 17:22 | Altar of Elders |
| 17:32 | Chimaera |
| Right click | 854 |
| Select | 157 |
| Select group | 89 |
| Misc. action | 54 |
| Build/train/purchase | 52 |
| Use ability | 15 |
| Assign group | 1 |

| Moonstone | 4 | 200 |
| Orb of Venom | 1 | 325 |
| Dust of Appearance | 1 | 75 |
| total: | 6 | 600g |
| Wisp | 13 | 780 | / | 0 |
| Archer | 7 | 910 | / | 70 |
| Chimaera | 3 | 990 | / | 210 |
| total: | 23 | 2680g | / | 280w |
| Altar of Elders | 1 | 180 | / | 50 |
| Moon Well | 20 | 3600 | / | 800 |
| Ancient of War | 2 | 300 | / | 120 |
| Ancient of Wonders | 3 | 270 | / | 90 |
| Hunter's Hall | 1 | 210 | / | 100 |
| Chimaera Roost | 3 | 420 | / | 570 |
| Tree of Ages | 1 | 320 | / | 180 |
| Tree of Eternity | 1 | 330 | / | 200 |
| total: | 30 | 4980g | / | 1730w |
| 0:02 | Wisp |
| 0:02 | Wisp |
| 0:03 | Wisp |
| 0:10 | Altar of Elders |
| 0:20 | Moon Well |
| 0:23 | Wisp |
| 0:44 | Wisp |
| 0:49 | Wisp |
| 0:55 | Ancient of War |
| 1:05 | Wisp |
| 1:23 | Wisp |
| 1:29 | Ancient of Wonders |
| 1:34 | Wisp |
| 1:44 | Moon Well |
| 1:59 | Archer |
| 2:04 | Wisp |
| 2:18 | Shadow Strike |
| 3:27 | Wisp |
| 3:27 | Wisp |
| 3:27 | Wisp |
| 3:49 | Ancient of War |
| 3:52 | Moon Well |
| 3:55 | Moon Well |
| 4:16 | Tree of Ages |
| 4:26 | Moon Well |
| 4:37 | Moon Well |
| 5:26 | Moon Well |
| 5:28 | Moon Well |
| 5:29 | Archer |
| 5:29 | Archer |
| 5:29 | Archer |
| 5:52 | Archer |
| 6:15 | Hunter's Hall |
| 6:52 | Moon Well |
| 6:53 | Moon Well |
| 7:13 | Tree of Eternity |
| 7:19 | Blink |
| 7:24 | Dust of Appearance |
| 8:22 | Moon Well |
| 8:23 | Moon Well |
| 8:32 | Moon Well |
| 9:11 | Ultravision |
| 9:14 | Moonstone |
| 9:17 | Ancient of Wonders |
| 9:19 | Moon Well |
| 9:20 | Moon Well |
| 9:58 | Well Spring |
| 10:17 | Shadow Strike |
| 10:36 | Moon Well |
| 10:37 | Moon Well |
| 10:41 | Orb of Venom |
| 11:56 | Archer |
| 11:56 | Archer |
| 11:58 | Moon Well |
| 12:00 | Moon Well |
| 14:40 | Nature's Blessing |
| 14:49 | Chimaera Roost |
| 14:51 | Chimaera Roost |
| 14:54 | Chimaera Roost |
| 15:40 | Ancient of Wonders |
| 15:43 | Moon Well |
| 16:11 | Moonstone |
| 16:14 | Chimaera |
| 16:16 | Chimaera |
| 16:20 | Moonstone |
| 16:46 | Chimaera |
| 17:09 | Moonstone |
| Right click | 862 |
| Select | 297 |
| Select group | 68 |
| Build/train/purchase | 53 |
| Use ability | 43 |
| Misc. action | 15 |
| Assign group | 14 |
| Minimap ping | 10 |
| Chat | 4 |
| Item give/drop | 1 |
| Esc | 1 |

| Potion of Healing | 3 | 450 |
| Potion of Mana | 2 | 400 |
| total: | 5 | 850g |
| Wisp | 28 | 1680 | / | 0 |
| Archer | 8 | 1040 | / | 80 |
| Huntress | 1 | 195 | / | 20 |
| Glaive Thrower | 4 | 840 | / | 260 |
| total: | 41 | 3755g | / | 360w |
| Ancient Protector | 6 | 810 | / | 480 |
| Altar of Elders | 1 | 180 | / | 50 |
| Moon Well | 13 | 2340 | / | 520 |
| Ancient of War | 4 | 600 | / | 240 |
| Tree of Life | 3 | 1020 | / | 555 |
| Ancient of Wonders | 2 | 180 | / | 60 |
| Hunter's Hall | 1 | 210 | / | 100 |
| Ancient of Wind | 2 | 300 | / | 280 |
| Chimaera Roost | 3 | 420 | / | 570 |
| Tree of Ages | 1 | 320 | / | 180 |
| Tree of Eternity | 1 | 330 | / | 200 |
| total: | 35 | 6060g | / | 2855w |
| 0:02 | Wisp |
| 0:12 | Altar of Elders |
| 0:14 | Wisp |
| 0:18 | Wisp |
| 0:32 | Moon Well |
| 0:33 | Wisp |
| 0:44 | Wisp |
| 1:07 | Ancient of War |
| 1:12 | Ancient of War |
| 1:17 | Wisp |
| 1:18 | Wisp |
| 1:35 | Wisp |
| 1:46 | Moon Well |
| 1:50 | Wisp |
| 2:12 | Wisp |
| 2:41 | Archer |
| 2:41 | Archer |
| 3:22 | Wisp |
| 3:24 | Shadow Strike |
| 3:44 | Wisp |
| 4:29 | Tree of Life |
| 4:38 | Tree of Life |
| 4:50 | Wisp |
| 4:50 | Wisp |
| 4:53 | Ancient of Wonders |
| 5:05 | Archer |
| 5:05 | Archer |
| 5:14 | Hunter's Hall |
| 5:31 | Wisp |
| 5:31 | Wisp |
| 6:09 | Archer |
| 6:33 | Moon Well |
| 6:34 | Moon Well |
| 7:12 | Ancient of Wonders |
| 7:18 | Wisp |
| 7:18 | Wisp |
| 7:18 | Wisp |
| 7:19 | Wisp |
| 7:19 | Wisp |
| 7:41 | Blink |
| 7:56 | Moon Well |
| 7:56 | Moon Well |
| 7:57 | Moon Well |
| 7:58 | Moon Well |
| 8:11 | Wisp |
| 8:11 | Wisp |
| 8:11 | Wisp |
| 8:11 | Wisp |
| 8:33 | Sentinel |
| 8:34 | Huntress |
| 8:46 | Moon Well |
| 8:48 | Moon Well |
| 9:01 | Tree of Ages |
| 9:15 | Moon Well |
| 9:19 | Moon Well |
| 9:24 | Moon Well |
| 9:40 | Archer |
| 9:40 | Archer |
| 10:47 | Ancient Protector |
| 10:55 | Ancient Protector |
| 10:55 | Ancient Protector |
| 10:57 | Ancient Protector |
| 10:58 | Ancient Protector |
| 12:13 | Ancient of War |
| 12:17 | Potion of Healing |
| 12:17 | Potion of Mana |
| 12:19 | Tree of Eternity |
| 12:43 | Ancient Protector |
| 13:02 | Potion of Healing |
| 13:03 | Potion of Mana |
| 13:31 | Glaive Thrower |
| 13:35 | Ancient of War |
| 13:59 | Potion of Healing |
| 14:20 | Glaive Thrower |
| 14:25 | Glaive Thrower |
| 15:10 | Chimaera Roost |
| 15:12 | Chimaera Roost |
| 15:13 | Chimaera Roost |
| 15:15 | Archer |
| 15:17 | Wisp |
| 15:17 | Wisp |
| 15:17 | Wisp |
| 15:22 | Tree of Life |
| 15:32 | Vorpal Blades |
| 15:32 | Glaive Thrower |
| 16:15 | Ancient of Wind |
| 16:16 | Ancient of Wind |
| 17:18 | Shadow Strike |
| Right click | 789 |
| Select | 233 |
| Misc. action | 91 |
| Select group | 86 |
| Build/train/purchase | 75 |
| Use ability | 33 |
| Assign group | 14 |
| Esc | 10 |
| Minimap ping | 4 |
| Remove unit | 2 |
107 units @ 13.2k
/ 1.8k
55 buildings @ 8.8k
/ 3.8k


| Wisp | 21 | 1260 | / | 0 |
| Archer | 20 | 2600 | / | 200 |
| Druid of the Talon | 6 | 870 | / | 120 |
| Dryad | 7 | 1015 | / | 420 |
| total: | 54 | 5745g | / | 740w |
| Moon Well | 7 | 1260 | / | 280 |
| Altar of Elders | 1 | 180 | / | 50 |
| Ancient of War | 1 | 150 | / | 60 |
| Ancient of Wonders | 1 | 90 | / | 30 |
| Tree of Life | 1 | 340 | / | 185 |
| Hunter's Hall | 1 | 210 | / | 100 |
| Ancient of Lore | 1 | 155 | / | 145 |
| Ancient of Wind | 1 | 150 | / | 140 |
| Tree of Ages | 1 | 320 | / | 180 |
| Tree of Eternity | 1 | 330 | / | 200 |
| total: | 14 | 2535g | / | 990w |
| 0:02 | Wisp |
| 0:02 | Wisp |
| 0:07 | Moon Well |
| 0:12 | Altar of Elders |
| 0:22 | Wisp |
| 0:33 | Ancient of War |
| 0:35 | Wisp |
| 0:49 | Wisp |
| 0:49 | Wisp |
| 1:25 | Wisp |
| 1:36 | Moon Well |
| 1:40 | Archer |
| 1:44 | Wisp |
| 1:44 | Wisp |
| 1:54 | Archer |
| 2:00 | Ancient of Wonders |
| 2:12 | Archer |
| 2:18 | Searing Arrows |
| 2:33 | Moon Well |
| 2:35 | Wisp |
| 2:47 | Archer |
| 2:50 | Wisp |
| 3:24 | Archer |
| 3:51 | Tree of Life |
| 4:02 | Trueshot Aura |
| 4:05 | Tree of Ages |
| 4:19 | Archer |
| 4:52 | Hunter's Hall |
| 5:23 | Archer |
| 5:24 | Archer |
| 5:58 | Trueshot Aura |
| 6:02 | Moon Well |
| 6:04 | Wisp |
| 6:05 | Wisp |
| 6:05 | Wisp |
| 6:05 | Wisp |
| 6:07 | Wisp |
| 6:09 | Strength of the Moon |
| 6:27 | Archer |
| 6:27 | Improved Bows |
| 6:29 | Wisp |
| 6:31 | Wisp |
| 8:17 | Tree of Eternity |
| 8:28 | Archer |
| 8:28 | Archer |
| 8:31 | Moon Well |
| 8:33 | Improved Strength of the Moon |
| 8:33 | Moon Armor |
| 8:37 | Searing Arrows |
| 8:46 | Archer |
| 8:46 | Archer |
| 8:52 | Ancient of Lore |
| 8:59 | Ancient of Wind |
| 9:22 | Frost Arrows |
| 11:12 | Druid of the Talon |
| 11:12 | Druid of the Talon |
| 11:13 | Druid of the Talon Adept Training |
| 11:14 | Dryad |
| 11:14 | Dryad |
| 11:15 | Abolish Magic |
| 11:16 | Marksmanship |
| 11:16 | Archer |
| 11:16 | Archer |
| 11:20 | Wisp |
| 11:20 | Wisp |
| 11:21 | Wisp |
| 12:35 | Dryad |
| 12:35 | Dryad |
| 12:36 | Archer |
| 12:36 | Archer |
| 12:36 | Archer |
| 12:38 | Druid of the Talon |
| 12:38 | Druid of the Talon |
| 12:42 | Moon Well |
| 12:45 | Moon Well |
| 15:28 | Mana Shield |
| 16:27 | Advanced Strength of the Moon |
| 16:29 | Druid of the Talon |
| 16:29 | Druid of the Talon |
| 16:29 | Druid of the Talon Master Training |
| 16:31 | Archer |
| 16:31 | Archer |
| 16:32 | Dryad |
| 16:32 | Dryad |
| 16:33 | Dryad |
| 17:20 | Trueshot Aura |
| 17:44 | Frost Arrows |
| Right click | 752 |
| Select | 234 |
| Select group | 190 |
| Build/train/purchase | 82 |
| Misc. action | 24 |
| Assign group | 7 |
| Use ability | 6 |
| Minimap ping | 5 |
| Item give/drop | 3 |
| Remove unit | 1 |



| Healing Salve | 2 | 200 |
| Lesser Clarity Potion | 6 | 420 |
| Tiny Great Hall | 1 | 600 |
| Potion of Mana | 2 | 400 |
| Scroll of Town Portal | 1 | 350 |
| total: | 12 | 1970g |
| Peon | 24 | 1800 | / | 0 |
| Raider | 4 | 720 | / | 160 |
| Ice Troll Berserker | 2 | 490 | / | 60 |
| total: | 30 | 3010g | / | 220w |
| Watch Tower | 13 | 1430 | / | 1040 |
| Altar of Storms | 1 | 180 | / | 50 |
| Orc Burrow | 4 | 640 | / | 160 |
| Voodoo Lounge | 3 | 390 | / | 90 |
| War Mill | 2 | 410 | / | 0 |
| Great Hall | 2 | 770 | / | 370 |
| Beastiary | 2 | 290 | / | 280 |
| Stronghold | 1 | 315 | / | 190 |
| Fortress | 1 | 325 | / | 190 |
| total: | 27 | 4110g | / | 1990w |
| 0:03 | Altar of Storms |
| 0:07 | Peon |
| 0:07 | Peon |
| 0:12 | Orc Burrow |
| 0:17 | Peon |
| 1:00 | Voodoo Lounge |
| 1:02 | Peon |
| 1:02 | Peon |
| 1:03 | Peon |
| 1:18 | Peon |
| 1:18 | Peon |
| 1:31 | Peon |
| 2:03 | Healing Salve |
| 2:03 | Lesser Clarity Potion |
| 2:03 | Lesser Clarity Potion |
| 2:04 | Lesser Clarity Potion |
| 2:06 | Peon |
| 2:09 | Wind Walk |
| 2:24 | Stronghold |
| 2:26 | War Mill |
| 3:24 | Healing Salve |
| 3:24 | Lesser Clarity Potion |
| 3:26 | Lesser Clarity Potion |
| 3:42 | Watch Tower |
| 3:43 | Watch Tower |
| 3:51 | Ice Troll Berserker |
| 3:51 | Ice Troll Berserker |
| 4:08 | Critical Strike |
| 4:51 | Beastiary |
| 4:54 | Beastiary |
| 4:58 | Orc Burrow |
| 5:01 | Peon |
| 5:01 | Peon |
| 5:01 | Peon |
| 5:02 | Peon |
| 5:41 | Orc Burrow |
| 6:02 | Raider |
| 6:03 | Ensnare |
| 6:15 | Steel Melee Weapons |
| 6:16 | Pillage |
| 6:44 | Raider |
| 8:01 | Raider |
| 8:31 | Raider |
| 9:10 | Wind Walk |
| 9:20 | Thorium Melee Weapons |
| 9:21 | Fortress |
| 9:29 | Reinforced Defenses |
| 9:41 | Orc Burrow |
| 9:58 | Steel Armor |
| 11:04 | Critical Strike |
| 11:34 | Great Hall |
| 11:44 | Arcanite Melee Weapons |
| 12:17 | Summon Lava Spawn |
| 12:21 | Summon Bear |
| 12:23 | Voodoo Lounge |
| 12:24 | Watch Tower |
| 12:24 | Watch Tower |
| 12:24 | Watch Tower |
| 12:25 | Watch Tower |
| 12:39 | Scroll of Town Portal |
| 12:47 | Tiny Great Hall |
| 14:29 | Great Hall |
| 14:33 | War Mill |
| 14:34 | Peon |
| 15:39 | Watch Tower |
| 15:46 | Voodoo Lounge |
| 15:47 | Watch Tower |
| 15:47 | Watch Tower |
| 15:47 | Watch Tower |
| 15:48 | Watch Tower |
| 15:48 | Watch Tower |
| 15:48 | Watch Tower |
| 16:11 | Soul Burn |
| 16:40 | Peon |
| 16:40 | Peon |
| 16:41 | Peon |
| 16:41 | Peon |
| 16:42 | Peon |
| 16:45 | Lesser Clarity Potion |
| 16:46 | Potion of Mana |
| 16:49 | Potion of Mana |
| 16:59 | Peon |
| 16:59 | Peon |
| 16:59 | Peon |
| 17:00 | Peon |
| 17:04 | Critical Strike |
| 17:24 | Summon Quilbeast |
| Select group | 696 |
| Right click | 639 |
| Select | 147 |
| Build/train/purchase | 128 |
| Assign group | 117 |
| Misc. action | 95 |
| Use ability | 57 |
| Minimap ping | 49 |
| Item give/drop | 7 |
| Esc | 5 |


| Rod of Necromancy | 2 | 300 |
| Orb of Corruption | 1 | 375 |
| Potion of Healing | 1 | 150 |
| total: | 4 | 825g |
| Acolyte | 2 | 150 | / | 0 |
| Ghoul | 3 | 360 | / | 0 |
| Crypt Fiend | 9 | 1935 | / | 360 |
| Obsidian Statue | 5 | 1000 | / | 175 |
| Abomination | 4 | 960 | / | 280 |
| total: | 23 | 4405g | / | 815w |
| Crypt | 1 | 200 | / | 50 |
| Graveyard | 1 | 215 | / | 0 |
| Altar of Darkness | 1 | 180 | / | 50 |
| Ziggurat | 8 | 1200 | / | 400 |
| Tomb of Relics | 1 | 130 | / | 30 |
| Slaughterhouse | 2 | 280 | / | 270 |
| Halls of the Dead | 2 | 640 | / | 420 |
| Black Citadel | 2 | 650 | / | 460 |
| total: | 14 | 2205g | / | 800w |
| 0:02 | Acolyte |
| 0:04 | Crypt |
| 0:07 | Graveyard |
| 0:18 | Acolyte |
| 0:39 | Altar of Darkness |
| 0:55 | Ziggurat |
| 1:07 | Ghoul |
| 1:23 | Tomb of Relics |
| 1:46 | Crypt Fiend |
| 1:57 | Ziggurat |
| 2:22 | Crypt Fiend |
| 2:42 | Rod of Necromancy |
| 2:50 | Death Coil |
| 3:18 | Halls of the Dead |
| 3:31 | Ghoul |
| 4:03 | Unholy Aura |
| 4:04 | Crypt Fiend |
| 4:06 | Ziggurat |
| 4:25 | Crypt Fiend |
| 4:37 | Crypt Fiend |
| 5:07 | Ziggurat |
| 5:09 | Ziggurat |
| 5:49 | Death Coil |
| 5:50 | Black Citadel |
| 5:53 | Ghoul |
| 6:09 | Rod of Necromancy |
| 6:17 | Crypt Fiend |
| 6:26 | Slaughterhouse |
| 7:11 | Web |
| 7:36 | Obsidian Statue |
| 8:00 | Crypt Fiend |
| 8:02 | Creature Attack |
| 8:55 | Unholy Aura |
| 9:03 | Ziggurat |
| 9:12 | Orb of Corruption |
| 9:13 | Potion of Healing |
| 9:31 | Frost Nova |
| 9:40 | Burrow |
| 9:41 | Improved Creature Attack |
| 10:00 | Obsidian Statue |
| 10:33 | Slaughterhouse |
| 10:35 | Unholy Armor |
| 11:50 | Disease Cloud |
| 12:16 | Abomination |
| 12:17 | Crypt Fiend |
| 12:23 | Ziggurat |
| 13:10 | Ziggurat |
| 13:12 | Advanced Creature Attack |
| 13:46 | Abomination |
| 14:35 | Abomination |
| 15:08 | Crypt Fiend |
| 15:38 | Abomination |
| 15:49 | Obsidian Statue |
| 15:56 | Dark Ritual |
| 16:23 | Obsidian Statue |
| 16:37 | Obsidian Statue |
| 17:55 | Frost Nova |
| 17:56 | Death Coil |
| Right click | 953 |
| Select group | 803 |
| Select | 415 |
| Misc. action | 182 |
| Build/train/purchase | 95 |
| Use ability | 37 |
| Assign group | 30 |
| Minimap ping | 2 |
| Item give/drop | 1 |
| Remove unit | 1 |
โ